 Dungeon Crawl Stone Soup version 0.26-a0-70-g31f1466007 (webtiles) character file.

Game seed: 14692482305767128993

163 Gargoyl the Skirmisher (level 5, 0/46 HPs)
             Began as a Centaur Abyssal Knight on June 14, 2020.
             Was a Believer of Lugonu.
             Slain by Natasha (4 damage)
             ... on level 3 of the Dungeon.
             The game lasted 00:04:21 (3438 turns).

Gargoyl the Skirmisher (Centaur Abyssal Knight)     Turns: 3438, Time: 00:04:22

Health: 0/46       AC:  8    Str: 12 (15) XL:     5   Next: 20%
Magic:  7/7        EV: -5    Int:  8 (11) God:    Lugonu [**....]
Gold:   104        SH: 10    Dex:  7 (9)  Spells: 4/4 levels left

rFire    + . .     SeeInvis .   a - +2 hand axe
rCold    + . .     Gourm    .   j - +0 tower shield
rNeg     . . .     Faith    .   d - +0 chain mail
rPois    +         Spirit   .   (no helmet)
rElec    +         Reflect  .   (no cloak)
rCorr    +         Harm     .   f - +0 pair of gloves (curse)
MR       .....                  (no barding)
Stlth    ..........             (no amulet)
HPRegen  0.15/turn              g - -4 ring of evasion (curse)
MPRegen  0.10/turn              (no ring)

@: resistant, very quick
A: large, hooves 3, deformed body, speed 2, tough skin 3
a: Depart the Abyss, Bend Space, Renounce Religion


You were on level 3 of the Dungeon.
You worshipped Lugonu.
Lugonu was pleased with you.
You were not hungry.

You visited 1 branch of the dungeon, and saw 3 of its levels.
You visited the Abyss 1 time.

You collected 104 gold pieces.

Inventory:

Hand Weapons
 a - a +2 hand axe (weapon)
Armour
 d - a +0 chain mail (worn)
 f - a cursed +0 pair of gloves (worn)
 j - a +0 tower shield (worn)
Jewellery
 g - a cursed -4 ring of evasion (left hand)
Scrolls
 e - 3 scrolls of teleportation
 h - 4 scrolls of identify
Comestibles
 b - 2 chunks of flesh
 c - 5 rations


   Skills:
 + Level 3.7 Fighting
 + Level 2.8 Axes
 * Level 2.2 Armour
 + Level 1.2 Dodging
 * Level 0.8 Shields
 * Level 3.0 Invocations


You had 4 spell levels left.
You didn't know any spells.
Your spell library was empty.

Dungeon Overview and Level Annotations

Branches:
Dungeon (3/15)

Altars:

Annotations:
D:3 Natasha


Innate Abilities, Weirdness & Mutations

You have hooves in place of feet.
Armour fits poorly on your strangely shaped body.
You cover ground very quickly.
You have extremely tough skin. (AC +3)


Message History

You slash Natasha! Your kick misses Natasha.
Natasha is almost dead.
You closely miss the white imp.
Natasha stares at you and mumbles some strange words.
The magic dart hits you!
* * * LOW HITPOINT WARNING * * *
The white imp hits you but does no damage.
Natasha casts a spell at you. The magic dart hits you.
* * * LOW HITPOINT WARNING * * *
You closely miss Natasha. Your kick misses Natasha.
Natasha is almost dead.
You barely miss the white imp.
The white imp disappears in a puff of smoke!
Natasha claws you but does no damage.
Unknown command.
Your chain mail prevents you from hitting Natasha.
Natasha is almost dead.
Natasha claws you.
You die...

.####...#...#
......####### #........$.
####### #..(...$... #####
#..........
....###########..........
............ $...........
####..###### #..........
## ##......####.)........
.## ######...)..@........
..#############§#h##.....
...÷....# #...... ..#
........# #........ #
........# #..........
######### #.........#
#.........# ###########


You could see Natasha.

Vanquished Creatures
  An orc priest (D:3)
  An orc wizard (D:3)
  3 adders
  An ooze (D:1)
  A worm (D:2)
  4 dart slugs
  11 orcs
  4 ball pythons
  4 bats
  A giant cockroach (D:2)
  7 goblins
  7 hobgoblins
  7 frilled lizards
  6 kobolds
  3 rats
61 creatures vanquished.

Notes
Turn   | Place    | Note
-------+----------+-------------------------------------------
     0 | Abyss:1  | Gargoyl the Centaur Abyssal Knight began the quest for the
                  | Orb.
     0 | Abyss:1  | Reached XP level 1. HP: 19/19 MP: 2/2
    91 | Abyss:2  | Noticed a ynoxinul
   119 | Abyss:2  | Found a corrupted altar of Lugonu.
   127 | Abyss:2  | Noticed a spatial vortex
   128 | Abyss:2  | Noticed a spatial maelstrom
   128 | Abyss:2  | Noticed a spatial vortex
   128 | Abyss:2  | Noticed a spatial vortex
   128 | Abyss:2  | Noticed a spatial vortex
   130 | Abyss:2  | Noticed a small abomination
   130 | Abyss:2  | Noticed a spatial vortex
   130 | Abyss:2  | Noticed a spatial vortex
   131 | Abyss:2  | Noticed a spatial vortex
   131 | Abyss:2  | Noticed a spatial vortex
   132 | Abyss:2  | Noticed a spatial vortex
   134 | Abyss:2  | Noticed a spatial vortex
   136 | D:1      | Escaped the Abyss
   266 | D:1      | Reached * piety under Lugonu
   303 | D:1      | Reached XP level 2. HP: 16/26 MP: 3/3
   565 | D:1      | Reached skill level 1 in Dodging
   744 | D:1      | Reached XP level 3. HP: 31/31 MP: 4/4
  2395 | D:3      | Reached XP level 4. HP: 20/38 MP: 5/5
  2894 | D:2      | Reached ** piety under Lugonu
  3156 | D:3      | Reached XP level 5. HP: 25/46 MP: 7/7
  3418 | D:3      | Noticed Natasha
  3438 | D:3      | Slain by Natasha

Illustrated notes

Levels and vault maps discovered:
D:1:      wander_arrival_peaceful_grave, layout_loops_ring, minmay_statues_item
D:2:      layout_basic, first_ration
D:3:      layout_rooms, serial_bayou_pond_c, uniq_natasha

Skill      XL: |  1  2  3  4  5 |
---------------+----------------+-----
Dodging        | 1 |  1.2
Axes           | 2 |  2.8
Armour         | 2 |  2.2
Invocations    | 3 |  3.0
Fighting       | |  3.7
Shields        | |  0.8

Action                   |  1- 3 |  4- 6 || total
-------------------------+-------+-------++-------
Melee: Hand axe          |   111 |    80 ||   191
       Kick              |    17 |    17 ||    34
Invok: Depart the Abyss  |     1 |       ||     1
  Use: Scroll            |     7 |     1 ||     8
       Potion            |     1 |     3 ||     4
  Eat: Chunk             |     2 |     1 ||     3
       Ration            |       |     1 ||     1
Armor: Leather armour    |    39 |       ||    39
       Skin              |     6 |       ||     6
       Chain mail        |       |    62 ||    62
Dodge: Dodged            |    22 |     3 ||    25
Block: Tower shield      |    22 |    58 ||    80

Table legend:
 A = Non-vault XP
 B = Vault XP
 C = Vault XP percentage of total XP
 D = Non-vault monster count
 E = Vault monster count
 F = Vault count percentage of total count
                 A         B        C        D         E       F
            +---------+---------+-------+---------+---------+-------
      Total |     234 |       0 |   0.0 |      61 |       0 |   0.0
            +---------+---------+-------+---------+---------+-------
        D:1 |      45 |       0 |   0.0 |      25 |       0 |   0.0
        D:2 |      51 |       0 |   0.0 |      16 |       0 |   0.0
        D:3 |     138 |       0 |   0.0 |      20 |       0 |   0.0
            +---------+---------+-------+---------+---------+-------
